Map: Lost and Found LE

Players

PUGAHUGA

  • Race: Protoss Protoss
  • League: Silver
  • Spawn Location: 1:00

KcirYnit - Winner!

  • Race: Terran Terran
  • Spawn Location: 7:00

VOD

Have the link to the VOD?

Description

Time

  • Played on: Sept. 21, 2018, 7:41 a.m.
  • Length: 7:52
Show
View Real Time Build Order
Export as new Build Order

PUGAHUGA Protoss 

Build Orders:  

Get SALT Encoding   

  12  0:01  Probe  
  13  0:15  Pylon  
  13  0:20  Probe  
  14  0:32  Probe  
  15  0:37  Gateway  
  15  0:44  Assimilator  
  15  0:47  Probe  
  16  1:00  Probe  
  17  1:08  Probe  
  18  1:24  Gateway  
  18  1:40  Probe  
  18  1:43  Pylon  
  19  1:47  Assimilator  
  19  1:50  Pylon  
  19  1:52  Probe  
  20  2:04  Cybernetics Core  
  20  2:10  Pylon  
  20  2:13  Probe  
  20  2:14  Pylon  
  20  2:21  Probe  
  22  2:30  Gateway, Probe  
  22  2:34  Warp Gate  
  23  2:41  Stalker  
  23  2:42  Probe  
  26  2:52  Stalker  
  28  3:07  Probe  
  29  3:15  Probe  
  29  3:18  Stalker  
  32  3:25  Probe  
  32  3:28  Stalker  
  35  3:42  Nexus  
  35  3:57  Twilight Council  
  35  4:11  Robotics Facility  
  35  4:21  Forge  
  35  4:23  Charge  
  35  4:38  Zealot x3  
  41  5:01  Probe  
  41  5:02  Probe  
  43  5:12  Zealot x3  
  43  5:14  Probe x2  
  51  5:24  Photon Cannon  
  51  5:26  Probe x2  
  53  5:30  Pylon  
  53  5:31  Protoss Ground Weapons Level 1  
  53  5:34  Observer  
  53  5:35  Pylon  
  54  5:43  Zealot x2  
  54  5:46  Zealot  
  54  5:48  Probe  
  61  5:50  Probe  
  62  6:06  Zealot x2  
  62  6:07  Zealot  
  68  6:14  Probe x2  
  64  6:26  Probe x2  
  60  6:38  Probe  
  47  6:50  Stalker x2  
  43  7:00  Probe  
  35  7:03  Stalker  
  35  7:05  Immortal  
  39  7:12  Probe  
  40  7:16  Zealot  
  40  7:17  Zealot  
  44  7:24  Probe  
Show
View Real Time Build Order
Export as new Build Order

KcirYnit Terran - Winner!

Build Orders:  

Get SALT Encoding   

  12  0:01  SCV  
  13  0:13  SCV  
  14  0:18  Supply Depot  
  14  0:25  SCV  
  15  0:39  SCV  
  15  0:41  Barracks  
  16  0:50  Refinery  
  16  0:51  SCV  
  17  1:03  SCV  
  18  1:15  SCV  
  19  1:30  Orbital Command  
  19  1:36  Command Center  
  19  1:47  Supply Depot  
  19  1:49  Barracks Reactor  
  19  1:55  SCV  
  20  2:07  SCV  
  21  2:14  Barracks  
  21  2:16  Refinery  
  21  2:20  SCV  
  22  2:25  Marine x2  
  24  2:32  SCV  
  25  2:44  Factory, SCV  
  26  2:46  Engineering Bay  
  26  2:51  Orbital Command  
  26  2:56  SCV  
  27  3:00  Marine  
  27  3:01  Marine  
  27  3:03  Barracks Tech Lab  
  29  3:08  SCV  
  30  3:16  Terran Infantry Weapons Level 1  
  30  3:20  SCV  
  30  3:21  SCV  
  30  3:25  Stimpack  
  32  3:31  Marine x2  
  32  3:32  SCV  
  32  3:33  SCV  
  36  3:40  Factory Reactor  
  36  3:42  Starport  
  36  3:48  Marine, SCV x2  
  38  3:49  Marine  
  38  3:50  Marine  
  41  4:00  SCV x2  
  43  4:03  Supply Depot x2  
  43  4:08  Supply Depot  
  43  4:12  SCV x2  
  46  4:24  Engineering Bay, SCV x2  
  46  4:25  Armory  
  46  4:27  Marine x3  
  46  4:31  Medivac  
  52  4:34  Medivac  
  52  4:36  SCV x2  
  56  4:53  Factory Tech Lab  
  56  4:54  Command Center, SCV  
  56  4:55  SCV  
  56  4:59  Refinery  
  58  5:02  Terran Infantry Armor Level 1  
  58  5:07  SCV  
  59  5:08  Marine x2  
  59  5:09  Marine  
  62  5:15  Barracks  
  62  5:20  SCV x2  
  62  5:21  Starport Reactor  
  64  5:24  Refinery  
  64  5:26  Marine x2  
  66  5:32  SCV  
  66  5:34  Terran Infantry Weapons Level 2  
  67  5:38  Supply Depot  
  67  5:39  Supply Depot, SCV  
  68  5:44  SCV  
  69  5:51  SCV  
  70  6:00  SCV  
  70  6:01  Siege Tank  
  70  6:03  SCV  
  70  6:04  Marine x5  
  80  6:12  SCV  
  80  6:16  SCV  
  82  6:21  Marine  
  82  6:24  SCV  
  78  6:28  SCV  
  77  6:46  SCV x2  
  62  6:47  Marine x5  
  56  6:58  SCV x2  
  58  7:05  Marine x2  
  60  7:08  Marine  
  60  7:09  Marine x2  
  60  7:10  Planetary Fortress, SCV x2  
  65  7:22  SCV x2  
  67  7:23  Marine  
  68  7:34  SCV x2  
Tags
 
Add a new tag
Caveats
  • Supply blocks, unpowered buildings, or Contaminate may cause inaccurate times.
  • Supply counts are checked every 10 seconds.